 Dungeon Crawl Stone Soup version 0.30.0-10-gfe55d96785 (webtiles) character file.

Game seed: 12315284371852288573

16415 Daunt the Meteoric Cataclysm (level 13, -12/113 HPs)
             Began as a Meteoran Monk on May 14, 2023.
             Was a High Priest of Qazlal.
             Killed from afar by Frances (46 damage)
             ... with an iron shot
             ... on level 13 of the Dungeon.
             The game lasted 01:16:37 (6276 turns).

Daunt the Meteoric Cataclysm (Meteoran Monk)        Turns: 6276, Time: 01:16:37

Health: -12/113    AC: 15    Str: 16    XL:     13   Next: 5%
Magic:  22/24      EV: 16    Int: 12    God:    Qazlal [*****.]
Gold:   814        SH:  6    Dex: 21    Spells: 12/12 levels left

rFire   . . .        Y - +2 great mace (protect)
rCold   + . .        (shield currently unavailable)
rNeg    . . .        z - +0 swamp dragon scales
rPois   +            e - +0 helmet
rElec   .            Z - +0 cloak
rCorr   +            N - +1 pair of gloves "Awaen" {Dex+2}
SInv    .            P - +0 pair of boots
Will    +....        g - amulet of the acrobat
Stlth   +            q - ring of resist corrosion
HPRegen 0.38/turn    (no ring)
MPRegen 0.19/turn

%: repel missiles, acrobat
@: mighty, protected from cold, glowing
A: sense surroundings 2, otherworldly, glowing, explore regen
a: Renounce Religion, Upheaval, Elemental Force, Disaster Area


You were on level 13 of the Dungeon.
You worshipped Qazlal.
Qazlal was extremely pleased with you.
You visited 2 branches of the dungeon, and saw 14 of its levels.
You also visited: Sewer.

You collected 879 gold pieces.
You spent 65 gold pieces at shops.

Inventory:

Hand Weapons
 a - a +3 whip
 b - a +0 sling
 G - a +0 longbow
 K - a +5 war axe
 R - a +1 whip of holy wrath
 Y - a +2 great mace of protection (weapon)
Missiles
 l - 97 stones
 s - 31 poisoned darts (quivered)
 y - 2 boomerangs
Armour
 d - an orb of light
 e - a +0 helmet (worn)
 i - a +2 scale mail of fire resistance
 z - +0 swamp dragon scales (worn)
 I - a +0 buckler
 N - the +1 pair of gloves "Awaen" (worn) {Dex+2}
   (You found it on level 12 of the Dungeon)

   Dex:       It affects your dexterity (+2).
 P - a +0 pair of boots (worn)
 Z - a +0 cloak (worn)
Jewellery
 g - an amulet of the acrobat (around neck)
 q - a ring of resist corrosion (left hand)
 S - a ring of ice
Wands
 h - a wand of charming (6)
 x - a wand of flame (24)
 L - a wand of mindburst (11)
 M - a wand of quicksilver (13)
 Q - a wand of iceblast (22)
Scrolls
 f - a scroll of butterflies
 n - 2 scrolls of silence
 o - 3 scrolls of vulnerability
 p - a scroll of fear {unknown}
 r - 2 scrolls of fog {unknown}
 t - 2 scrolls of enchant weapon {unknown}
 w - a scroll of torment {unknown}
 E - 2 scrolls of amnesia {unknown}
 F - a scroll of magic mapping {unknown}
 T - 2 scrolls of brand weapon {unknown}
 V - 2 scrolls of teleportation {unknown}
Potions
 c - a potion of ambrosia
 j - 4 potions of magic
 k - 2 potions of curing
 u - 2 potions of cancellation
 v - a potion of might
 A - 4 potions of invisibility {unknown}
 B - a potion of haste
 D - 2 potions of mutation
 H - a potion of brilliance
 J - a potion of lignification {unknown}
 O - a potion of resistance
 U - a potion of flight
 W - a potion of berserk rage {unknown}


   Skills:
 - Level 10.1 Fighting
 + Level 13.1 Maces & Flails
 - Level 8.0 Armour
 - Level 8.0 Dodging
 - Level 4.0 Shields
 + Level 13.5 Invocations
 - Level 6.1 Evocations


You had 12 spell levels left.
You didn't know any spells.
Your spell library contained the following spells:

 Spells                   Type           Power      Damage    Failure   Level
 Magic Dart               Conj           0%         1d3       50%         1
 Summon Small Mammal      Summ           0%         N/A       50%         1
 Call Imp                 Summ           0%         N/A       63%         2
 Call Canine Familiar     Summ           0%         N/A       86%         3
 Inner Flame              Hex/Fire       0%         N/A       86%         3
 Mephitic Cloud           Conj/Pois/Air  0%         N/A       86%         3
 Summon Guardian Golem    Hex/Summ       0%         N/A       86%         3
 Flame Wave               Conj/Fire      0%         2d4       99%         4
 Petrify                  Tmut/Erth      0%         N/A       99%         4
 Sticky Flame             Conj/Fire      0%         2d3       99%         4
 Iskenderun's Battlesphe  Conj           0%         2d6       100%        5
 Metabolic Englaciation   Hex/Ice        0%         N/A       100%        5
 Iron Shot                Conj/Erth      0%         9d1       100%        6
 Simulacrum               Ice/Necr       0%         N/A       100%        6
 Statue Form              Tmut/Erth      0%         N/A       100%        6
 Ozocubu's Refrigeration  Ice            0%         4d7       100%        7
 Spellforged Servitor     Conj/Summ      0%         N/A       100%        7
 Polar Vortex             Ice            0%         N/A       100%        9


Dungeon Overview and Level Annotations

Branches:
Dungeon (13/15) Zot: 2127  Temple (1/1) D:5 Zot: 509    Lair (0/5) D:8
    Orc (0/2) D:12          Sewer (visited)
 Vaults: D:13-14

Altars:
Ashenzari
Cheibriados
Dithmenos
Fedhas
Gozag
Hepliaklqana
Kikubaaqudgha
Makhleb
Nemelex Xobeh
Okawaru
Qazlal
Ru
Sif Muna
Trog
Uskayaw
Vehumet
Xom
Yredelemnul
Zin
The Shining One

Shops:
D:5 !

Annotations:
D:13 Frances


Innate Abilities, Weirdness & Mutations

You passively map the area around you.
You are easily found by Zot.
You glow in the dark.
You regain HP and MP as you explore.


Message History

Aim: a cyclops, quivering large rocks (chance to affect: 47%)
The cyclops resists with some effort.
Frances closely misses you. You block Frances's attack.
Aiming: Charm
Press: ? - help, Shift-Dir - straight line, f/p - cyclops
Aim: a cyclops, quivering large rocks (chance to affect: 47%)
The cyclops is charmed.
Frances hits you with a +0 short sword!
Frances mutters in a terrible tongue.
The iron shot hits you!!!
* * * LOW HITPOINT WARNING * * *
Unknown command.
Unknown command.
Unknown command.
You swap places.
Frances hits your cyclops with a +0 short sword.
Unknown command.
You feel much better.
Frances whispers indecipherable words.
The iron shot hits your cyclops!
Your cyclops hits Frances!
Frances says, "Warriors are made for war and combat.
Do you call yourself a warrior?"
Frances hits your cyclops with a +0 short sword!!
Unknown command.
You feel very mighty all of a sudden.
Frances whispers indecipherable words.
Your cyclops misses Frances.
Unknown command.
Unknown command.
Unknown command.
Frances whispers indecipherable words.
Frances barely misses you. The ice devil hits you. The ice devil freezes you!!
Your resistance to electricity fades away.
You feel protected from cold.
Unknown command.
Unknown command.
Unknown command.
You barely miss Frances.
Frances is lightly wounded.
Frances screams a word of power!
The iron shot hits you!!!
You die...

* * ,, ,, * , , * * *
* * , * * * * * ,, *,
, *# ,, ,, , , *###
.#. ###########
##8##*.... ,
#...[.....#
###§≈≈###....
#.#######.# 8
#<..≈..<##....###4#
#.## ,
###≈.§####...4.@@.#
#..# #≈§§# ######.C.#
#..# ### #≈≈§≈§# *
#.#○# #####..####..
#≈..≈§# ,
,...................#
#§≈.≈≈≈≈#
.......###########.#.#
#≈..##≈≈##..####..#**
* #.#.# ≈≈.##*#≈§#.
,,.... , #.#.. ≈.. *
#§#, #..# * ** * #...#
§§., §# *...# #...#


You could see Frances (fast, ally target), an ice devil (summoned), a rust devil
(summoned) and a friendly cyclops (charmed).

Vanquished Creatures
  An apis (D:12)
  The ghost of Voxie the Basher, a journeyman GrFi of Hepliaklqana (D:12)
  A two-headed ogre (D:13)
  Lodul (D:11)
  2 necromancers (D:12)
  A wolf spider zombie (D:12)
  A deep elf pyromancer (D:12)
  3 ugly things
  A centaur zombie (D:12)
  An unseen horror (D:12)
  A molten gargoyle (D:13)
  Psyche (D:9)
  A centaur skeleton (D:12)
  Maggie (D:8)
  A komodo dragon (D:11)
  3 trolls
  3 meliai (D:13)
  A meliai zombie (D:12)
  A water elemental (D:13)
  2 shadows
  3 yaks (D:10)
  A wyvern (D:7)
  A basilisk (D:11)
  Menkaure (D:5)
  2 wargs (D:8)
  An acid dragon (D:8)
  A water moccasin (D:8)
  7 orc warriors
  A cane toad skeleton (D:12)
  2 ice beasts (D:7)
  A black bear (D:7)
  11 ogres
  3 centaurs
  3 phantoms
  2 kobold brigands
  2 bullfrogs
  2 scorpions
  13 wights
  A troll zombie (D:12)
  5 killer bees (D:10)
  2 electric eels (D:13)
  3 howler monkeys (D:12)
  2 lava snakes (D:13)
  4 jellies
  A gnoll bouda (D:8)
  4 hounds
  5 orc priests
  2 sleepcaps
  9 orc wizards
  4 iguanas
  A boggart skeleton (D:12)
  5 ogre zombies (D:12)
  5 gnolls (D:8)
  8 adders
  A shadow imp (D:6)
  2 white imps
  5 worms
  3 dart slugs
  36 orcs
  13 endoplasms
  5 giant cockroaches
  2 goblins
  6 hobgoblins
  3 jackals (D:4)
  4 quokkas
  6 ball pythons
  2 bats
  4 frilled lizards
  A goblin skeleton (D:12)
  2 goblin zombies (D:12)
  4 hobgoblin zombies (D:12)
  13 kobolds
  An orc skeleton (D:12)
  11 orc zombies (D:12)
  6 rats
276 creatures vanquished.

Vanquished Creatures (collateral kills)
  An apis (D:12)
1 creature vanquished.

Vanquished Creatures (others)
  An iguana (D:6)
1 creature vanquished.

Grand Total: 278 creatures vanquished

Notes
Turn   | Place    | Note
-------+----------+-------------------------------------------
     0 | D:1      | Daunt the Meteoran Monk began the quest for the Orb.
     0 | D:1      | Reached XP level 1. HP: 19/19 MP: 2/2
   260 | D:1      | Reached XP level 2. HP: 26/26 MP: 3/3
   396 | D:2      | Reached skill level 5 in Maces & Flails
   435 | D:3      | Reached XP level 3. HP: 29/31 MP: 4/4
   557 | D:2      | Reached XP level 4. HP: 38/38 MP: 5/5
   903 | D:4      | Reached XP level 5. HP: 24/45 MP: 6/6
   956 | D:5      | Entered Level 5 of the Dungeon
   965 | D:5      | Found Ruoj's Distillery.
   979 | D:5      | Bought a potion of heal wounds for 65 gold pieces
  1005 | D:5      | Noticed Menkaure
  1013 | D:5      | Reached XP level 6. HP: 27/51 MP: 7/7
  1045 | D:5      | Killed Menkaure
  1056 | D:5      | Found a staircase to the Ecumenical Temple.
  1067 | Temple   | Entered the Ecumenical Temple
  1144 | Temple   | Became a worshipper of Qazlal Stormbringer
  1144 | Temple   | Reached * piety under Qazlal
  1144 | Temple   | Reached ** piety under Qazlal
  1162 | D:5      | Reached XP level 7. HP: 52/57 MP: 8/8
  1198 | D:5      | Reached skill level 1 in Invocations
  1358 | D:5      | Found a glowing drain.
  1362 | Sewer    | Entered a sewer
  1549 | Sewer    | Found a viscous altar of Jiyva.
  1695 | D:5      | Reached *** piety under Qazlal
  1800 | D:6      | Reached XP level 8. HP: 59/66 MP: 11/11
  1836 | D:6      | Reached skill level 10 in Maces & Flails
  2094 | D:4      | Found a radiant altar of Vehumet.
  2159 | D:4      | Reached skill level 5 in Fighting
  2410 | D:7      | Reached skill level 1 in Shields
  2410 | D:7      | Reached skill level 5 in Invocations
  2506 | D:7      | Gained mutation: You passively map the area around you.
                  | [Meteoran growth]
  2506 | D:7      | Reached XP level 9. HP: 75/75 MP: 12/14
  2649 | D:7      | Found a shimmering altar of Xom.
  2896 | D:7      | Found a broken altar of Ashenzari.
  2933 | D:8      | Found an opulent altar of Gozag.
  2981 | D:8      | Reached **** piety under Qazlal
  3379 | D:8      | Reached XP level 10. HP: 84/88 MP: 15/17
  3486 | D:8      | Reached skill level 10 in Invocations
  3486 | D:8      | Found a staircase to the Lair.
  3530 | D:8      | Noticed Maggie
  3561 | D:8      | Killed Maggie
  3818 | D:9      | Noticed Psyche
  3824 | D:9      | Killed Psyche
  3935 | D:10     | Entered Level 10 of the Dungeon
  3968 | D:10     | Reached ***** piety under Qazlal
  3986 | D:10     | Reached skill level 5 in Evocations
  4005 | D:10     | Reached skill level 1 in Armour
  4033 | D:10     | Reached XP level 11. HP: 70/94 MP: 20/20
  4292 | D:10     | Reached skill level 5 in Dodging
  4333 | D:11     | Noticed Lodul
  4491 | D:10     | Found a shimmering blue altar of Sif Muna.
  4491 | D:10     | Found a shadowy altar of Dithmenos.
  4617 | D:12     | Found a glowing silver altar of Zin.
  4617 | D:12     | Noticed an apis
  4626 | D:12     | Killed an apis
  4627 | D:12     | Reached skill level 5 in Armour
  4631 | D:12     | Noticed an apis
  4650 | D:12     | Killed an apis
  4661 | D:12     | Noticed a necromancer
  4662 | D:12     | Noticed a necromancer
  4745 | D:11     | Noticed a cyan ugly thing
  4770 | D:11     | Killed a cyan ugly thing
  4908 | D:11     | Killed Lodul
  5180 | D:12     | Reached XP level 12. HP: 79/103 MP: 21/21
  5269 | D:12     | Killed a necromancer
  5324 | D:12     | Found a runed translucent gate.
  5324 | D:12     | Found a runed translucent gate.
  5324 | D:12     | Found a runed translucent gate.
  5330 | D:12     | Noticed Voxie's ghost (journeyman GrFi)
  5352 | D:12     | Noticed a deep elf pyromancer
  5363 | D:12     | Killed a deep elf pyromancer
  5411 | D:12     | Found a staircase to the Orcish Mines.
  5592 | D:12     | Killed a necromancer
  5800 | D:12     | Killed Voxie's ghost
  5806 | D:12     | Reached skill level 10 in Fighting
  5883 | D:12     | Identified the +1 pair of gloves "Awaen" {Dex+2}
  6060 | D:13     | Noticed a two-headed ogre
  6068 | D:13     | Killed a two-headed ogre
  6116 | D:13     | Reached XP level 13. HP: 80/113 MP: 24/24
  6260 | D:13     | Noticed Frances
  6276 | D:13     | Killed from afar by Frances

Illustrated notes

Levels and vault maps discovered:
D:1:      scummos_arrival_checkerplants, layout_loops_cross
D:2:      layout_basic, roderic_three_in_a_row, minivault_27
D:3:      layout_rooms, uniq_crazy_yiuf_cottage
D:4:      layout_rooms, nicolae_elyvilon_temple_path, lemuel_doored_altar,
          st_stairs_14, grunt_tough_drop
D:5:      layout_cave_pools, lemuel_coloured_pillars_altar,
          minmay_temple_entry_mini_moons, serial_shops,
          nicolae_shop_advertising_works [nicolae_subvault_shop_adworks],
          gup_sewer_entry_spiral, uniq_menkaure, uniq_prince_ribbit1
D:6:      layout_rooms, lemuel_flamethrower_2
D:7:      layout_loops_ring, ashenzari_altar_1, xom_teletrap_fun,
          dreamdust_wishing_well
D:8:      layout_gridville, grunt_gozag_breadcrumbs, erik_lair_orcish_takeover,
          st_stairs_8, blue_anna_alchemist, uniq_maggie
D:9:      layout_roguey, kennysheep_nub, uniq_psyche
D:10:     layout_irregular_city, nicolae_overflow_two_pavilions
D:11:     layout_loops_ring, uniq_lodul
D:12:     dreamdust_under_siege, layout_loops_ring, zombieorc1_lemuel,
          biasface_ghost_orc_armoury, hangedman_abyss_or_decor_passed
D:13:     cheibrodos_magma_flow, layout_basic, nicolae_trove_entry_path_of_doom,
          dancing_weapons_uskayaw, uniq_azrael, uniq_frances
Temple:   nicolae_temple_superstar

Skill      XL: |  1  2  3  4  5  6  7  8  9 10 11 12 |
---------------+-------------------------------------+-----
Maces & Flails | 5 6 8 9 10 11 13 | 13.1
Invocations    | 2 5 8 11 13 | 13.5
Fighting       | 4 5 8 10 | 10.1
Shields        | 2 4 |  4.0
Evocations     | 5 6 |  6.1
Armour         | 2 8 |  8.0
Dodging        | 4 8 |  8.0

Action                     |  1- 3 |  4- 6 |  7- 9 | 10-12 | 13-15 || total
---------------------------+-------+-------+-------+-------+-------++-------
  Melee: Whip              |    65 |    68 |   459 |   358 |       ||   950
         Great mace        |       |       |       |   246 |    17 ||   263
  Throw: Stone             |       |       |     3 |       |       ||     3
         Dart              |       |       |       |     5 |       ||     5
 Invoke: Upheaval          |       |       |       |     3 |       ||     3
         Elemental Force   |       |       |       |     2 |     1 ||     3
  Evoke: Wand              |       |       |       |    20 |     4 ||    24
    Use: Potion            |       |       |     1 |     4 |     2 ||     7
         Scroll            |       |       |       |    12 |       ||    12
 Armour: Ring mail         |    23 |    13 |    46 |       |       ||    82
         Scale mail        |       |       |    24 |    17 |       ||    41
         Swamp dragon scal |       |       |       |   175 |     4 ||   179
  Dodge: Dodged            |    32 |    21 |   130 |   237 |     9 ||   429
         Repelled          |       |       |       |     2 |     2 ||     4
  Block: Orb               |       |       |    20 |       |       ||    20
         Buckler           |       |       |    62 |   103 |       ||   165
         Other             |       |       |       |    70 |     2 ||    72
